Map: Jagannatha LE

Players

Cham - Winner!

  • Race: Zerg Zerg

JimRising

  • Race: Zerg Zerg

Event: DreamHack SC2 Masters 2021 Fall

VOD

Have the link to the VOD?

Description

Time

  • Played on: July 29, 2021, 5:06 p.m.
  • Length: 3:49

All games in this series

Show
View Real Time Build Order
Export as new Build Order

Cham Zerg - Winner!

Build Orders: Hatch First 

Get SALT Encoding   

  12  0:00  Drone  
  13  0:08  Drone  
  14  0:18  Extractor x2, Drone  
  13  0:22  Drone  
  15  0:47  Hatchery  
  14  0:58  Spawning Pool  
  14  1:02  Drone  
  14  1:12  Overlord  
  14  1:45  Zergling x6, Metabolic Boost  
  17  1:56  Zergling x2  
  17  1:58  Queen  
  17  1:59  Zergling x2  
  21  2:08  Zergling x2  
  22  2:11  Zergling x2  
  23  2:18  Zergling x2  
  23  2:21  Zergling x2  
  25  2:26  Baneling Nest  
  25  2:29  Zergling x2  
  25  2:31  Zergling x2  
  26  2:40  Zergling x2  
  26  2:42  Zergling x2  
  28  2:58  Overlord  
  28  3:00  Extractor, Zergling x2  
  28  3:03  Spore Crawler  
  27  3:09  Zergling x2  
  27  3:11  Baneling x2  
  29  3:21  Zergling x4  
  29  3:22  Zergling x2  
  29  3:25  Zergling x2  
Show
View Real Time Build Order
Export as new Build Order

JimRising Zerg 

Build Orders: Hatch First 

Get SALT Encoding   

  12  0:00  Drone  
  13  0:12  Overlord  
  13  0:17  Drone  
  14  0:30  Drone x2  
  16  0:48  Hatchery  
  15  0:53  Drone  
  15  0:55  Drone  
  17  1:10  Spawning Pool  
  16  1:13  Drone  
  16  1:16  Drone  
  18  1:20  Extractor  
  18  1:21  Drone  
  18  1:37  Drone  
  19  1:45  Overlord  
  19  1:57  Queen  
  19  2:00  Drone x2  
  19  2:01  Queen  
  25  2:02  Drone  
  26  2:11  Drone x2  
  28  2:21  Zergling x2  
  29  2:24  Drone  
  30  2:32  Queen  
  32  2:38  Overlord  
  32  2:39  Drone  
  33  2:45  Overlord  
  33  2:47  Drone  
  34  2:54  Drone  
  35  2:59  Roach Warren  
  35  3:01  Drone  
  35  3:02  Evolution Chamber  
  34  3:06  Evolution Chamber  
  34  3:09  Zergling x2  
  34  3:10  Zergling x4  
  36  3:14  Spine Crawler  
  36  3:18  Zergling x4  
  36  3:24  Evolution Chamber  
  36  3:25  Zergling x2  
  36  3:29  Zergling x2  

Tags
 
Add a new tag
Caveats
  • Supply blocks, unpowered buildings, or Contaminate may cause inaccurate times.
  • Supply counts are checked every 10 seconds.